 Dungeon Crawl Stone Soup version 0.32-a0-768-g0f6f1dd4b9 (webtiles) character file.

Game seed: 7259386917103659897

2041 Fodor the Covered (level 9, -1/78 HPs)
             Began as a Minotaur Fighter on Mar 19, 2024.
             Slain by a scorpion (6 damage)
             ... while paralysed by a hornet
             ... on level 7 of the Dungeon.
             The game lasted 00:23:22 (5148 turns).

Fodor the Covered (Minotaur Fighter)                Turns: 5148, Time: 00:23:22

Health: -1/78      AC: 15    Str: 30    XL:     9   Next: 4%
Magic:  8/8        EV:  2    Int:  5    God:
Gold:   251        SH:  0    Dex: 11    Spells: 8/8 levels left

rFire   . . .        a - +2 dire flail (protect)
rCold   . . .        (shield currently unavailable)
rNeg    + . .        e - +3 chain mail
rPois   .            (helmet restricted)
rElec   .            z - +0 cloak
rCorr   .            (no gloves)
SInv    .            (no boots)
Will    .....        (no amulet) Stlth
                     l - ring of positive energy
HPRegen 0.33/turn    r - +6 ring of strength
MPRegen 0.11/turn

%: no passive effects
@: paralysed, lethally poisoned (-1 -> -34), about to teleport, slowed
A: horns 2, retaliatory headbutt
a: no special abilities


You were on level 7 of the Dungeon.
You visited 1 branch of the dungeon, and saw 7 of its levels.

You collected 279 gold pieces.
You spent 28 gold pieces at shops.

Inventory:

Hand Weapons
 a - a +2 dire flail of protection (weapon)
Missiles
 u - 4 boomerangs (quivered)
Armour
 c - a +0 buckler
 e - a +3 chain mail (worn)
 z - a +0 cloak (worn)
Jewellery
 l - a ring of positive energy (left hand)
 r - a +6 ring of strength (right hand)
 t - an amulet of faith
 y - a ring of ice
Talismans
 A - a flux talisman
Wands
 b - a wand of warping (13)
 x - a wand of polymorph (13)
Scrolls
 f - a scroll of fog {unknown}
 i - 4 scrolls of teleportation
 m - 3 scrolls of immolation
 n - a scroll of fear {unknown}
 o - 2 scrolls of vulnerability
 p - a scroll of brand weapon
 s - a scroll of noise
 C - a scroll of revelation {unknown}
Potions
 d - 2 potions of might
 g - a potion of degeneration {unknown}
 h - a potion of berserk rage {unknown}
 j - 2 potions of curing
 k - 2 potions of enlightenment
 q - a potion of haste {unknown}
 v - 2 potions of attraction {unknown}
 w - 2 potions of magic {unknown}
 B - a potion of heal wounds {unknown}


   Skills:
 + Level 6.5 Fighting
 + Level 7.4(8.7) Axes
 + Level 6.8(8.4) Maces & Flails
 + Level 0.2 Throwing
 + Level 7.5 Armour
 + Level 3.5 Dodging
 + Level 0.3 Stealth
 + Level 4.3 Shields
 + Level 1.2 Unarmed Combat


You had 8 spell levels left.
You didn't know any spells.
Your spell library contained the following spells:

 Spells                   Type           Power      Damage    Failure   Level
 Sting                    Conj/Alch      0%         1d3       88%         1
 Mercury Vapours          Alch/Air       0%         N/A       96%         2
 Scorch                   Fire           0%         2d5       96%         2
 Static Discharge         Conj/Air       0%         3-3/arc   96%         2
 Sigil of Binding         Hex            0%         N/A       99%         3
 Airstrike                Air            0%         2d(0-16)  100%        4
 Flame Wave               Conj/Fire      0%         2d4       100%        4
 Olgreb's Toxic Radiance  Alch           0%         N/A       100%        4
 Summon Lightning Spire   Summ/Air       0%         N/A       100%        4
 Death Channel            Necr           0%         N/A       100%        6
 Sculpt Simulacrum        Ice/Alch       0%         N/A       100%        6
 Summon Cactus Giant      Summ           0%         N/A       100%        6


Dungeon Overview and Level Annotations

Branches:
Dungeon (7/15)
 Temple: D:4-7

Altars:
Dithmenos
Fedhas
Hepliaklqana

Shops:
D:1 ?   D:4 *   D:6 *


Innate Abilities, Weirdness & Mutations

You have a pair of horns on your head.
You reflexively headbutt those who attack you in melee.


Message History

The killer bee poisons you!
As you read the scroll of teleportation, it crumbles to dust.
You feel strangely unstable.
* * * LOW HITPOINT WARNING * * *
You feel extremely sick.
The killer bee stings you but does no damage. x3
The hornet stings you.
* * * LOW HITPOINT WARNING * * *
You feel as though you will be slow longer.
The scorpion stings you but does no damage.
The killer bee closely misses you. The killer bee stings you.
* * * LOW HITPOINT WARNING * * *
You are lethally poisoned!
The killer bee poisons you! The killer bee closely misses you.
The scorpion stings you but does no damage.
The hornet stings you but does no damage.
The killer bee closely misses you.
The killer bee stings you but does no damage.
The killer bee closely misses you.
You barely miss the killer bee.
The killer bee is almost dead.
* * * LOW HITPOINT WARNING * * *
You feel extremely sick. The killer bee stings you.
* * * LOW HITPOINT WARNING * * *
The killer bee stings you.
* * * LOW HITPOINT WARNING * * *
The killer bee barely misses you. The hornet stings you.
* * * LOW HITPOINT WARNING * * *
You are more poisoned.
You suddenly lose the ability to move!
The scorpion stings you but does no damage.
The killer bee stings you but does no damage. x2
The killer bee stings you.
* * * LOW HITPOINT WARNING * * *
You are more poisoned.
The killer bee poisons you!
The hornet stings you but does no damage.
The scorpion stings you.
You die...

......##.!..#####...
........[...........
.[...=..............
....................
....................
.......?............
................>..#
......yyy..........#
...##..@y...[......#
...##.s.....###.####
. .....)...## #
.).......<##
.......#### .....##
..### ..


You could see a hornet, a scorpion and 3 killer bees.

Vanquished Creatures
  Edmund (D:4)
  A water moccasin (D:5)
  2 ice beasts
  A black bear (D:6)
  An ogre (D:6)
  A phantom (D:5)
  5 scorpions
  2 bullfrogs
  4 wights (D:6)
  The ghost of HanshermHop the Conjurer, a weakling DECj (D:3)
  5 hounds
  3 jellies
  An orc priest (D:4)
  2 sleepcaps
  Ijyb (D:4)
  Natasha (thrice) (D:4)
  3 orc wizards
  6 gnolls
  4 adders
  A shadow imp (D:6)
  A white imp (D:6)
  5 dart slugs
  14 orcs
  7 ball pythons
  7 endoplasms
  3 giant cockroaches
  11 goblins
  7 hobgoblins
  14 jackals
  10 kobolds
  9 quokkas
  5 bats
  A frilled lizard (D:1)
  4 rats (D:1)
146 creatures vanquished.

Notes
Turn   | Place    | Note
-------+----------+-------------------------------------------
     0 | D:1      | Fodor the Minotaur Fighter began the quest for the Orb.
     0 | D:1      | Reached XP level 1. HP: 19/19 MP: 0/0
    92 | D:1      | Reached XP level 2. HP: 21/27 MP: 1/1
   119 | D:1      | Found Miwaskux's Magic Scroll Shop.
   122 | D:1      | Bought a scroll of identify for 28 gold pieces
   324 | D:1      | Reached XP level 3. HP: 31/33 MP: 2/2
  1126 | D:2      | Found a faded altar of an unknown god.
  1310 | D:2      | Reached XP level 4. HP: 40/40 MP: 3/3
  1750 | D:3      | Noticed a scorpion
  1756 | D:3      | Killed a scorpion
  1757 | D:3      | Reached skill level 1 in Dodging
  1757 | D:3      | Reached XP level 5. HP: 47/47 MP: 4/4
  1923 | D:3      | Found a runed translucent gate.
  1924 | D:3      | Found a runed translucent gate.
  1926 | D:3      | Found a runed translucent gate.
  1927 | D:3      | Noticed HanshermHop's ghost (weakling DECj)
  2007 | D:3      | Identified the +3 ring mail of Twilight {rElec rPois Int-3
                  | Dex+4}
  2211 | D:3      | Found a blossoming altar of Fedhas.
  2366 | D:3      | Killed HanshermHop's ghost
  2410 | D:4      | Reached skill level 5 in Axes
  2514 | D:4      | Reached XP level 6. HP: 52/55 MP: 5/5
  2517 | D:4      | Reached skill level 5 in Armour
  2522 | D:4      | Noticed Natasha
  2529 | D:4      | Killed Natasha
  2608 | D:4      | Noticed Ijyb
  2619 | D:4      | Killed Ijyb
  2623 | D:4      | Reached skill level 5 in Fighting
  2758 | D:4      | Found Oweomaff's Fire Supplies.
  2860 | D:4      | Noticed Natasha
  2870 | D:4      | Killed Natasha
  2871 | D:4      | Reached XP level 7. HP: 47/61 MP: 6/6
  2926 | D:4      | Noticed Edmund
  2947 | D:4      | Killed Edmund
  3238 | D:4      | Noticed a shadow
  3239 | D:4      | Found a shadowy altar of Dithmenos.
  3240 | D:4      | Found a hazy altar of Hepliaklqana.
  3288 | D:4      | Noticed Natasha
  3297 | D:4      | Killed Natasha
  3314 | D:5      | Entered Level 5 of the Dungeon
  3348 | D:5      | Identified the +0 robe of Uniqa {Will+ Dex+2}
  3371 | D:5      | Reached skill level 1 in Maces & Flails
  3450 | D:5      | Reached skill level 1 in Unarmed Combat
  3477 | D:5      | Reached XP level 8. HP: 70/70 MP: 7/7
  4491 | D:6      | Reached skill level 5 in Maces & Flails
  4759 | D:6      | Reached XP level 9. HP: 74/78 MP: 8/8
  4861 | D:6      | Found Nomown's CLEARANCE SALE!.
  5148 | D:7      | Paralysed by a hornet for 3 turns
  5148 | D:7      | Slain by a scorpion

Illustrated notes

Levels and vault maps discovered:
D:1:      dpeg_arrival_rooms_with_view, layout_basic, serial_shops,
          nicolae_shop_real_fake_doors
D:2:      layout_basic, serial_glass, glass_columns_a, glass_columns_b,
          glass_columns_a, glass_columns_b, glass_columns_b, glass_columns_a,
          glass_columns_a, glass_columns_a, item_on_display_a, feat_on_display,
          minmay_strange_pillars, feat_on_display,
          hellmonk_ecumenical_altar_blasted
D:3:      layout_rooms, fedhas_altar_2, ebering_ghost_rock_garden
D:4:      minmay_evil_eye, layout_rooms, riverfiend_overflow_shadow_ancestor,
          mrwooster_statue_mirror, nicolae_shop_fire_sale
          [nicolae_sub_dead_trees], minmay_goblin_outpost, uniq_edmund,
          uniq_ijyb, uniq_natasha
D:5:      layout_basic
D:6:      layout_loops_ring, minmay_misc_feat_five,
          nicolae_concentric_dashed_squares_wild, grunt_ministairs_7,
          nicolae_shop_clearance
D:7:      layout_rooms, minmay_temple_entry_offerings

Skill      XL: |  1  2  3  4  5  6  7  8 |
---------------+-------------------------+-----
Armour         | 4 5 6 7 |  7.5
Fighting       | 4 5 6 |  6.5
Axes           | 3 4 5 6 7 |  7.4
Shields        | 4 |  4.3
Dodging        | 1 2 3 |  3.5
Maces & Flails | 2 6 |  6.8
Unarmed Combat | 1 |  1.2
Throwing       | |  0.2
Stealth        | |  0.3

Action                     |  1- 3 |  4- 6 |  7- 9 || total
---------------------------+-------+-------+-------++-------
  Melee: War axe           |    95 |    90 |     5 ||   190
         Headbutt          |    10 |    19 |    20 ||    49
         Dire flail        |       |       |   123 ||   123
         Unarmed           |       |       |    12 ||    12
  Throw: Boomerang         |       |     2 |       ||     2
    Use: Scroll            |       |       |    11 ||    11
 Armour: Scale mail        |    84 |    35 |       ||   119
         Ring mail         |       |    42 |    73 ||   115
         Skin              |       |       |     5 ||     5
         Chain mail        |       |       |    87 ||    87
  Dodge: Dodged            |    60 |    47 |   103 ||   210
  Block: Buckler           |    19 |    10 |       ||    29

Table legend: (Time is in decaauts)
 A = Elapsed time spent in this place.
 B = Non-inter-level travel time spent in this place.
 C = Inter-level travel time spent in this place.
 D = Time resting spent in this place.
 E = Time spent auto-exploring this place.
 F = Levels seen in this place.
 G = Mean time per level.
                   A        B        C        D        E       F      G
               +--------+--------+--------+--------+--------+-----+--------+
         Total |   5219 |   5185 |     34 |      0 |   3491 |   7 |  745.6 |
       Dungeon |   5219 |   5185 |     34 |      0 |   3491 |   7 |  745.6 |
               +--------+--------+--------+--------+--------+-----+--------+

Top non-repeatable levels by time:
     D:1: 1036 daAuts
     D:5: 961 daAuts
     D:4: 933 daAuts
     D:6: 849 daAuts
     D:3: 728 daAuts
     D:2: 689 daAuts
     D:7: 20 daAuts
